 Dungeon Crawl Stone Soup version 0.24-a0-630-g0d56a851f4 (webtiles) character file.

Game seed: 12440799050099626695, levelgen mode: deterministic

772 Gargoyl the Chopper (level 7, -2/58 HPs)
             Began as a Centaur Abyssal Knight on Sept 19, 2019.
             Was a Priest of Lugonu.
             Killed from afar by an orc wizard (10 damage)
             ... with a magic dart
             ... on level 4 of the Dungeon.
             The game lasted 00:08:11 (4520 turns).

Gargoyl the Chopper (Centaur Abyssal Knight)        Turns: 4520, Time: 00:08:13

Health: -2/58      AC:  9    Str: 15    XL:     7   Next: 53%
Magic:  9/9        EV:  2    Int: 11    God:    Lugonu [***...]
Gold:   218        SH:  8    Dex: 16    Spells: 6/6 levels left

rFire    . . .     SeeInvis .   a - +1 hand axe
rCold    . . .     Gourm    .   j - +0 shield
rNeg     . . .     Faith    .   e - +0 chain mail
rPois    .         Spirit   .   (no helmet)
rElec    .         Reflect  .   (no cloak)
rCorr    .         Harm     .   l - +0 pair of gloves
MR       .....                  (no barding)
Stlth    ..........             (no amulet)
HPRegen  0.19/turn              g - +6 ring of dexterity
MPRegen  0.11/turn              (no ring)

@: lethally poisoned (-2 -> -38), very quick
A: large, hooves 3, deformed body, speed 2, tough skin 3
a: Depart the Abyss, Bend Space, Banish, Renounce Religion


You were on level 4 of the Dungeon.
You worshipped Lugonu.
Lugonu was most pleased with you.
You were not hungry.

You visited 1 branch of the dungeon, and saw 4 of its levels.
You visited the Abyss 1 time.

You collected 218 gold pieces.

Inventory:

Hand Weapons
 a - a +1 hand axe (weapon)
Armour
 e - a +0 chain mail (worn)
 j - a +0 shield (worn)
 l - a +0 pair of gloves (worn)
Jewellery
 g - a +6 ring of dexterity (left hand)
Wands
 m - a wand of scattershot (2)
 q - a wand of acid (5)
Scrolls
 d - 3 scrolls of magic mapping
 f - a scroll of identify
 h - a scroll of blinking {unknown}
 o - a scroll of amnesia {unknown}
 p - 2 scrolls of remove curse
Potions
 b - a potion of brilliance
 i - 2 potions of flight
 n - a potion of agility
Comestibles
 c - 5 rations
 k - 3 chunks of flesh


   Skills:
 + Level 3.9 Fighting
 + Level 4.4 Axes
 * Level 4.1 Armour
 + Level 1.0 Dodging
 * Level 1.8 Shields
 * Level 3.4 Invocations


You had 6 spell levels left.
You didn't know any spells.
Your spell library was empty.

Dungeon Overview and Level Annotations

Branches:
Dungeon (4/15)
 Temple: D:4-7

Altars:


Innate Abilities, Weirdness & Mutations

You have hooves in place of feet.
Armour fits poorly on your strangely shaped body.
You cover ground very quickly.
You have extremely tough skin. (AC +3)


Message History

You kick the orc.
The orc is lightly wounded.
You closely miss the orc wizard.
* * * LOW HITPOINT WARNING * * *
You feel very sick.
The orc wizard hits you but does no damage.
You are more poisoned.
The orc hits you with a +0 trident.
* * * LOW HITPOINT WARNING * * *
The orc wizard gestures at you while chanting.
The magic dart hits you.
* * * LOW HITPOINT WARNING * * *
Okay, then.
* * * LOW HITPOINT WARNING * * *
You feel sick.
* * * LOW HITPOINT WARNING * * *
You feel sick.
The orc wizard points at you and mumbles some strange words.
The magic dart hits you!
You die...

.#.#.# .#..>#
.#####
.#################
..........#.....$#
#########.#......#
#....#...#%.#
#.#####.)o..####.#
#†##..†.)o.@.....#
#....#############
######


You could see an orc wizard and an orc.

Vanquished Creatures
  3 ogres (D:4)
  A scorpion (D:4)
  A hound (D:4)
  4 orc priests
  A centaur skeleton (D:4)
  Natasha (twice) (D:3)
  Terence (D:3)
  A worker ant (D:4)
  A hound skeleton (D:4)
  7 adders
  3 oozes
  3 worms (D:3)
  2 dart slugs
  2 leopard geckos
  9 orcs
  5 ball pythons
  2 giant cockroaches
  9 goblins
  8 hobgoblins
  2 jackals (D:1)
  3 quokkas (D:3)
  6 bats
  11 frilled lizards
  7 kobolds
  4 rats
98 creatures vanquished.

Vanquished Creatures (others)
  4 toadstools (D:1)
4 creatures vanquished.

Grand Total: 102 creatures vanquished

Notes
Turn   | Place    | Note
-------+----------+-------------------------------------------
     0 | Abyss:1  | Gargoyl the Centaur Abyssal Knight began the quest for the
                  | Orb.
     0 | Abyss:1  | Reached XP level 1. HP: 19/19 MP: 2/2
    35 | Abyss:1  | Noticed a large abomination
   103 | Abyss:3  | Noticed a small abomination
   139 | Abyss:3  | Noticed an ice devil
   150 | Abyss:3  | Noticed a large abomination
   162 | D:1      | Escaped the Abyss
   423 | D:1      | Reached XP level 2. HP: 25/26 MP: 3/3
   467 | D:1      | Reached * piety under Lugonu
  1426 | D:2      | Reached XP level 3. HP: 31/31 MP: 4/4
  2159 | D:2      | Reached XP level 4. HP: 32/38 MP: 5/5
  2339 | D:2      | Reached ** piety under Lugonu
  2686 | D:2      | Reached skill level 1 in Dodging
  2817 | D:3      | Noticed Natasha
  2832 | D:3      | Killed Natasha
  2832 | D:3      | Reached XP level 5. HP: 35/45 MP: 6/6
  2978 | D:3      | Noticed Terence
  3402 | D:3      | Killed Terence
  3608 | D:3      | Noticed Natasha
  3616 | D:3      | Killed Natasha
  3616 | D:3      | Reached XP level 6. HP: 46/52 MP: 7/7
  3765 | D:4      | Reached skill level 1 in Shields
  3878 | D:4      | Reached XP level 7. HP: 22/58 MP: 9/9
  4316 | D:4      | Reached *** piety under Lugonu
  4520 | D:4      | Killed from afar by an orc wizard

Levels and vault maps discovered:
D:1:      zelgadis_glass_arrival_large, layout_loops_ring,
          minmay_gold_behind_fungi, minmay_misc_feat_rugged,
          grunt_decor_fettered
D:2:      layout_loops_ring
D:3:      layout_loops_ring, first_ration, uniq_natasha, uniq_terence
D:4:      layout_basic

Skill      XL: |  1  2  3  4  5  6  7 |
---------------+----------------------+-----
Axes           | 2 3 4 |  4.4
Armour         | 2 3 4 |  4.1
Dodging        | 1 |  1.0
Shields        | 1 |  1.8
Invocations    | 3 |  3.4
Fighting       | |  3.9

Action                   |  1- 3 |  4- 6 |  7- 9 || total
-------------------------+-------+-------+-------++-------
Melee: Hand axe          |   132 |   147 |    54 ||   333
       Kick              |    14 |    47 |    19 ||    80
Invok: Depart the Abyss  |     1 |       |       ||     1
Evoke: Wand              |       |     1 |     1 ||     2
  Use: Scroll            |    10 |     2 |       ||    12
       Potion            |       |     3 |       ||     3
  Eat: Chunk             |     2 |     6 |     2 ||    10
Armor: Chain mail        |    98 |    73 |    24 ||   195
       Leather armour    |     1 |       |       ||     1
Dodge: Dodged            |    13 |    13 |     6 ||    32
Block: Shield            |    48 |    44 |    27 ||   119
       Buckler           |     1 |       |       ||     1

Table legend:
 A = Non-vault XP
 B = Vault XP
 C = Vault XP percentage of total XP
 D = Non-vault monster count
 E = Vault monster count
 F = Vault count percentage of total count
                 A         B        C        D         E       F
            +---------+---------+-------+---------+---------+-------
      Total |    1032 |      72 |   6.5 |      96 |       2 |   2.0
            +---------+---------+-------+---------+---------+-------
        D:1 |      25 |       0 |   0.0 |      16 |       0 |   0.0
        D:2 |     138 |       0 |   0.0 |      27 |       0 |   0.0
        D:3 |     163 |      72 |  30.6 |      27 |       2 |   6.9
        D:4 |     706 |       0 |   0.0 |      26 |       0 |   0.0
            +---------+---------+-------+---------+---------+-------
